 Dungeon Crawl Stone Soup version 0.30-b1-2-g02819fbbbe (webtiles) character file.

Game seed: 17659273871598557401

3180 Fartwhistle the Transmogrifier (level 9, -7/56 HPs)
             Began as an Octopode Transmuter on June 8, 2023.
             Was an Elder of Cheibriados.
             Killed from afar by a steam dragon (13 damage)
             ... with a ball of steam
             ... on level 9 of the Dungeon.
             The game lasted 00:17:08 (10514 turns).

Fartwhistle the Transmogrifier (OpTm)              Turns: 10514, Time: 00:17:09

Health: -7/56      AC:  5    Str: 19    XL:     9   Next: 95%
Magic:  18/18      EV: 13    Int: 34    God:    Cheibriados [****..]
Gold:   396        SH:  0    Dex: 17    Spells: 5/20 levels left

rFire   . .          .
                       - Unarmed
rCold   . . .        (no shield)
rNeg    . . .        (helmet restricted)
rPois   .            g - amulet of Sloth {Faith rElec Int+4 Dex-5 Slay+3}
rElec   +            p - +4 ring of protection
rCorr   .            (no ring)
SInv    .            (no ring)
Will    .....        (no ring)
Stlth   +++          (no ring)
HPRegen 0.29/turn    (no ring)
MPRegen 0.16/turn    (no ring)
                     (no ring)

%: faith
@: about to teleport, very slow
A: almost no armour, amphibious, 8 rings, camouflage 1, gelatinous body 1,
(nimble swimmer 1), tentacles
a: Renounce Religion, Bend Time, Temporal Distortion, Slouch


You were on level 9 of the Dungeon.
You worshipped Cheibriados.
Cheibriados was greatly pleased with you.
You visited 2 branches of the dungeon, and saw 10 of its levels.

You collected 446 gold pieces.
You spent 50 gold pieces at shops.

Inventory:

Missiles
 c - 3 throwing nets
 e - 16 poisoned darts
 l - 4 silver javelins
Jewellery
 g - the amulet of Sloth (around mantle) {Faith rElec Int+4 Dex-5 Slay+3}
   (You found it on level 2 of the Dungeon)

   [amulet of faith]

   It allows you to gain divine favour quickly.
   Int:       It affects your intelligence (+4).
   Dex:       It affects your dexterity (-5).
   Slay:      It affects your accuracy & damage with ranged weapons and melee
   (+3).
   rElec:     It insulates you from electricity.
 p - a +4 ring of protection (left tentacle)
Wands
 q - a wand of flame (27)
 s - a wand of roots (15)
Scrolls
 d - 2 scrolls of immolation
 f - a scroll of torment
 h - a scroll of vulnerability {unknown}
 k - a scroll of blinking
 n - 3 scrolls of magic mapping {unknown}
 t - 2 scrolls of amnesia {unknown}
 w - a scroll of acquirement {unknown}
 y - 3 scrolls of noise {unknown}
 B - a scroll of summoning {unknown}
Potions
 a - 2 potions of lignification
 b - 2 potions of haste
 i - 2 potions of brilliance
 j - 3 potions of flight
 m - 3 potions of attraction
 o - 2 potions of curing {unknown}
 u - a potion of heal wounds {unknown}
 v - a potion of mutation {unknown}
 z - 2 potions of might
 A - a potion of cancellation {unknown}


   Skills:
 + Level 3.1 Fighting
 - Level 2.0 Dodging
 - Level 3.0 Unarmed Combat
 - Level 6.1 Spellcasting
 * Level 3.0 Conjurations
 + Level 9.9 Transmutations
 - Level 2.0 Ice Magic
 - Level 2.0 Poison Magic
 + Level 3.2 Invocations
 + Level 3.2 Evocations


You had 5 spell levels left.
You knew the following spells:

 Your Spells              Type           Power      Damage    Failure   Level
a - Beastly Appendage     Tmut           100%       N/A       1%          1
b - Wereblood             Tmut           67%        N/A       1%          2
c - Spider Form           Tmut/Pois      50%        N/A       1%          3
d - Ice Form              Ice/Tmut       50%        N/A       3%          4
e - Irradiate             Conj/Tmut      26%        3d20      8%          5

Your spell library contained the following spells:

 Spells                   Type           Power      Damage    Failure   Level
 Ensorcelled Hibernation  Hex/Ice        34%        N/A       4%          2
 Petrify                  Tmut/Erth      44%        N/A       5%          4
 Lesser Beckoning         Tloc           20%        N/A       6%          2
 Sublimation of Blood     Necr           10%        N/A       6%          2
 Call Canine Familiar     Summ           10%        N/A       12%         3
 Gell's Gravitas          Tloc           10%        N/A       12%         3
 Portal Projectile        Hex/Tloc       20%        N/A       12%         3
 Teleport Other           Tloc           10%        N/A       12%         3
 Anguish                  Hex/Necr       5%         N/A       36%         4
 Leda's Liquefaction      Hex/Erth       5%         N/A       36%         4
 Summon Forest            Summ/Tloc      5%         N/A       73%         5
 Summon Mana Viper        Hex/Summ       10%        N/A       73%         5
 Summon Cactus Giant      Summ           5%         N/A       99%         6


Dungeon Overview and Level Annotations

Branches:
Dungeon (9/15)             Temple (1/1) D:4
   Lair: D:8-11         Orc: D:9-12

Altars:
Ashenzari
Cheibriados
Dithmenos
Elyvilon
Fedhas
Gozag
Hepliaklqana
Kikubaaqudgha
Makhleb
Nemelex Xobeh
Okawaru
Qazlal
Ru
Sif Muna
Trog
Uskayaw
Vehumet
Wu Jian
Xom
Yredelemnul
Zin

Shops:
D:5 ?   D:8 *

Annotations:
D:5 2 runed translucent doors, arta456's ghost, novice DECj
D:6 2 transporters, Fartwhistle's ghost, novice OpTm
D:8 exclusion: 3 doors


Innate Abilities, Weirdness & Mutations

You cannot wear most types of armour.
You are amphibious.
You can wear up to eight rings at the same time.
Your skin changes colour to match your surroundings (Stealth+).
Your rubbery body absorbs attacks. (AC +1, EV +1)
((You are camouflaged when in or above water. (Stealth+)))
You have tentacles for arms and can constrict up to eight enemies at once.


Message History

The ogre shouts!
You hear a shout! x4
The hobgoblin shouts!
The kobold shouts!
You hear a shout! x2
The gnoll shouts!
You hear a shout! x2; The ogre shouts!
A sourceless malevolence fills the Dungeon... and a teleportation trap spontaneously manifests!
You are yanked towards a nearby monster!
Your surroundings suddenly seem different.
A steam dragon comes into view.
Found 8 gold pieces.
The helpless steam dragon fails to defend itself.
You tentacle-slap the steam dragon but do no damage.
You squeeze the steam dragon.
The steam dragon is lightly wounded.
You closely miss the steam dragon.
The steam dragon is lightly wounded.
The steam dragon barely misses you. The steam dragon closely misses you.
You tentacle-slap the steam dragon. Your squeeze misses the steam dragon.
The steam dragon is lightly wounded.
The steam dragon barely misses you. The steam dragon completely misses you.
You tentacle-slap the steam dragon.
The steam dragon is moderately wounded.
The steam dragon breathes steam at you. The ball of steam hits you!
You closely miss the steam dragon.
The steam dragon is moderately wounded.
You are engulfed in a cloud of scalding steam.
The steam dragon misses you.
The steam dragon claws you but does no damage.
A hornet comes into view.
You are engulfed in a cloud of scalding steam.
The steam dragon breathes steam at you. The ball of steam hits you!
* * * LOW HITPOINT WARNING * * *
The hornet buzzes angrily.
As you read the scroll of teleportation, it crumbles to dust.
You feel strangely unstable. The steam dragon bites you!
* * * LOW HITPOINT WARNING * * *
The steam dragon barely misses you. The steam dragon breathes steam at you.
The ball of steam hits you!
You die...

#.# #.......#
#....#.#
#.....#.#
#....#.#
#.....#.#
#....#.#
#....#.#
#...y#.#
#....#.#
+....#.#
#....#@#
#....D.#
#..§§.$#
##.§..§§######
......§.§.....#
..##...##.....#
...............#
...###......####
# #...##.#


You could see a steam dragon (catching breath).

Vanquished Creatures
  Sigmund (D:3)
  A steam dragon (D:8)
  A water moccasin (D:7)
  3 ice beasts
  An orc warrior (D:6)
  A black bear (D:8)
  A kobold brigand (D:8)
  Blork the orc (D:6)
  3 bullfrogs
  4 scorpions
  8 wights (D:7)
  4 killer bees (D:8)
  3 howler monkeys (D:7)
  6 hounds
  A gnoll bouda (D:8)
  2 jellies (D:5)
  2 sleepcaps
  Terence (D:2)
  Jessica (D:3)
  Ijyb (D:4)
  2 iguanas
  4 orc wizards
  Natasha (thrice) (D:2)
  14 gnolls
  10 adders
  2 shadow imps (D:8)
  3 white imps
  2 worms
  5 dart slugs
  23 orcs
  7 endoplasms
  7 giant cockroaches
  4 goblins
  13 hobgoblins
  5 jackals
  7 quokkas
  10 ball pythons
  11 bats
  6 frilled lizards
  10 kobolds
  7 rats
201 creatures vanquished.

Notes
Turn   | Place    | Note
-------+----------+-------------------------------------------
     0 | D:1      | Fartwhistle the Octopode Transmuter began the quest for the
                  | Orb.
     0 | D:1      | Reached XP level 1. HP: 13/13 MP: 3/3
   140 | D:1      | Reached XP level 2. HP: 16/18 MP: 3/5
   146 | D:1      | Learned a level 2 spell: Wereblood
   495 | D:1      | Reached skill level 3 in Transmutations
   495 | D:1      | Reached XP level 3. HP: 23/23 MP: 6/6
  1023 | D:2      | Learned a level 3 spell: Spider Form
  1142 | D:2      | Identified the amulet of Sloth {Faith rElec Int+4 Dex-5
                  | Slay+3}
  1349 | D:2      | Noticed Terence
  1364 | D:2      | Killed Terence
  1365 | D:2      | Reached skill level 1 in Poison Magic
  1365 | D:2      | Reached XP level 4. HP: 16/28 MP: 3/8
  1464 | D:2      | Noticed Natasha
  1479 | D:2      | Killed Natasha
  1636 | D:2      | Reached skill level 4 in Transmutations
  1637 | D:2      | Reached XP level 5. HP: 26/33 MP: 9/9
  1738 | D:2      | Noticed Natasha
  1749 | D:2      | Killed Natasha
  1805 | D:2      | Noticed Natasha
  1874 | D:2      | Killed Natasha
  2598 | D:3      | Reached XP level 6. HP: 35/38 MP: 8/11
  2696 | D:3      | Noticed Jessica
  2704 | D:3      | Killed Jessica
  2705 | D:3      | Reached skill level 5 in Transmutations
  2919 | D:3      | Found a basalt altar of Yredelemnul.
  2940 | D:3      | Noticed Sigmund
  3129 | D:4      | Learned a level 4 spell: Ice Form
  3223 | D:4      | Found a staircase to the Ecumenical Temple.
  3249 | Temple   | Entered the Ecumenical Temple
  3257 | Temple   | Became a worshipper of Cheibriados the Contemplative
  3410 | D:4      | Reached skill level 1 in Ice Magic
  3498 | D:4      | Reached XP level 7. HP: 43/43 MP: 8/12
  3537 | D:4      | Noticed Ijyb
  3547 | D:4      | Reached * piety under Cheibriados
  3592 | D:4      | Killed Ijyb
  3909 | D:4      | Reached skill level 6 in Transmutations
  4396 | D:5      | Entered Level 5 of the Dungeon
  4617 | D:5      | Found Ciasocri's Magic Scroll Shoppe.
  4728 | D:5      | Found a shadowy altar of Dithmenos.
  4751 | D:5      | Reached ** piety under Cheibriados
  4894 | D:5      | Found a white marble altar of Elyvilon.
  4895 | D:5      | Found a hazy altar of Hepliaklqana.
  4896 | D:5      | Found an iron altar of Okawaru.
  4936 | D:5      | Bought a scroll of identify for 20 gold pieces
  4936 | D:5      | Bought a scroll of teleportation for 30 gold pieces
  5111 | D:5      | Found a large runed translucent door.
  5119 | D:5      | Found a large runed translucent door.
  5121 | D:5      | Noticed arta456's ghost (novice DECj)
  5515 | D:5      | Reached skill level 7 in Transmutations
  5515 | D:5      | Reached XP level 8. HP: 44/48 MP: 9/15
  6467 | D:3      | Killed Sigmund
  6468 | D:3      | Reached skill level 5 in Spellcasting
  7027 | D:6      | Reached skill level 8 in Transmutations
  7292 | D:6      | Noticed Blork the orc
  7297 | D:6      | Killed Blork the orc
  7348 | D:6      | Found a transporter.
  7348 | D:6      | Noticed Fartwhistle's ghost (novice OpTm)
  7349 | D:6      | Found a transporter.
  7416 | D:6      | Reached skill level 9 in Transmutations
  7419 | D:6      | Reached XP level 9. HP: 53/53 MP: 11/17
  7488 | D:6      | Identified the +3 ring mail "Pakh" {rF+ Int-5 Stlth+}
  7523 | D:6      | Reached *** piety under Cheibriados
  8275 | D:7      | Reached skill level 1 in Invocations
  8275 | D:7      | Reached skill level 1 in Evocations
  8999 | D:7      | Learned a level 5 spell: Irradiate
  9431 | D:7      | Reached skill level 1 in Conjurations
  9746 | D:8      | Found a broken altar of Ashenzari.
  9751 | D:8      | Reached **** piety under Cheibriados
 10157 | D:8      | Found Lucreg's Assorted Antiques.
 10157 | D:8      | Noticed a two-headed ogre
 10511 | D:9      | Noticed a hornet
 10514 | D:9      | Killed from afar by a steam dragon

Illustrated notes

Levels and vault maps discovered:
D:1:      lightli_arrival_farm, layout_loops_ring, corexii_leaking_fountain,
          chequers_serial_rivers_micro_c, minmay_pentomino_w2
D:2:      layout_loops_ring, uniq_natasha, uniq_terence
D:3:      minmay_chambers_of_threes, layout_loops_corners,
          yredelemnul_altar_generic, uniq_sigmund, uniq_jessica
D:4:      mumra_celtic_spiral_tile, layout_loops_cross,
          minmay_temple_entry_stoned_glass, uniq_ijyb
D:5:      layout_layer_cave, mainiacjoe_overflow_alcove_3,
          ebering_ghost_disaster_area, serial_shops, nicolae_lakefront_shop,
          portal_sewer_entry_d, nicolae_sextant
D:6:      layout_layer_cave, gammafunk_ghost_arena, uniq_blork_the_orc
D:7:      layout_loops_ring, serial_co_window_serial, co_window_paths_b,
          co_window_paths_b, co_window_paths_a, co_window_paths_b,
          co_window_corner_a, co_window_paths_c, co_window_broadway_b,
          co_window_paths_c, co_window_corner_b, co_window_corner_cb,
          co_window_4corner_b, co_window_paths_e
D:8:      layout_rooms, mainiacjoe_overflow_small_starburst,
          kennysheep_windowed_goal
D:9:      kennysheep_housing_project, layout_stronghold, serial_shops,
          shop_statue
Temple:   nicolae_temple_no_exploring_needed

Skill      XL: |  1  2  3  4  5  6  7  8  9 |
---------------+----------------------------+-----
Transmutations | 3 4 5 7 9 |  9.9
Poison Magic   | 1 2 |  2.0
Spellcasting   | 3 4 5 6 |  6.1
Ice Magic      | 1 2 |  2.0
Invocations    | 3 |  3.2
Evocations     | 3 |  3.2
Fighting       | 3 |  3.1
Conjurations   | 3 |  3.0
Dodging        | |  2.0
Unarmed Combat | |  3.0

Action                     |  1- 3 |  4- 6 |  7- 9 || total
---------------------------+-------+-------+-------++-------
  Melee: Unarmed           |   111 |   175 |   284 ||   570
         Constrict         |    27 |    16 |    16 ||    59
         Kick              |     9 |       |       ||     9
         Tentacles         |    16 |    14 |    18 ||    48
         Punch             |       |     2 |     3 ||     5
   Cast: Beastly Appendage |     8 |       |       ||     8
         Wereblood         |     3 |     3 |     6 ||    12
         Spider Form       |     1 |    12 |     6 ||    19
         Ice Form          |       |       |    21 ||    21
  Evoke: Wand              |       |       |     6 ||     6
    Use: Potion            |       |       |     2 ||     2
         Scroll            |       |       |     9 ||     9
   Stab: Sleeping          |     6 |     5 |     6 ||    17
 Armour: Skin              |    10 |    16 |   120 ||   146
  Dodge: Dodged            |    70 |   140 |   180 ||   390
